 Dungeon Crawl Stone Soup version 0.31-a0-844-gdc52ec4e09 (webtiles) character file.

Game seed: 4956227561815499992

501 Ijustatesigmund the Magician (level 6, -5/34 HPs)
             Began as a Deep Elf Fire Elementalist on Sept 29, 2023.
             Slain by Duvessa
             ... wielding a +0 short sword
              (14 damage)
             ... on level 4 of the Dungeon.
             The game lasted 00:05:08 (3314 turns).

Ijustatesigmund the Magician (DEFE)                 Turns: 3314, Time: 00:05:09

Health: -5/34      AC:  2    Str:  5    XL:     6   Next: 95%
Magic:  8/16       EV:  2    Int: 22    God:
Gold:   261        SH:  0    Dex: 15    Spells: 9/16 levels left

rFire   . . .        k - +0 sling
rCold   . . .        (no shield)
rNeg    . . .        a - +0 robe
rPois   .            (no helmet)
rElec   .            (no cloak)
rCorr   .            (no gloves)
SInv    .            (no boots)
Will    .....        f - amulet of the acrobat
Stlth   ++           l - +4 ring of slaying
HPRegen 0.25/turn    (no ring)
MPRegen 0.15/turn

%: acrobat
@: about to teleport, sleeping
A: no striking features
a: no special abilities


You were on level 4 of the Dungeon.
You visited 1 branch of the dungeon, and saw 4 of its levels.
You also visited: Sewer.

You collected 261 gold pieces.

Inventory:

Hand Weapons
 h - a +1 whip of holy wrath
 k - a +0 sling (weapon)
Armour
 a - a +0 robe (worn)
Jewellery
 d - an amulet of magic regeneration
 f - an amulet of the acrobat (around neck)
 l - a +4 ring of slaying (left hand)
Wands
 c - a wand of flame (4)
Scrolls
 g - a scroll of summoning {unknown}
Potions
 b - a potion of magic
 e - a potion of mutation {unknown}
 i - 3 potions of curing {unknown}
 j - 3 potions of haste {unknown}
 m - a potion of attraction {unknown}
 n - a potion of heal wounds {unknown}
 p - a potion of invisibility {unknown}


   Skills:
 + Level 1.6 Fighting
 - Level 3.3 Ranged Weapons
 - Level 2.4 Dodging
 - Level 2.4 Stealth
 + Level 5.6 Spellcasting
 + Level 3.9 Conjurations
 + Level 5.1 Fire Magic


You had 9 spell levels left.
You knew the following spells:

 Your Spells              Type           Power      Damage    Failure   Level
a - Foxfire               Conj/Fire      100%       2x1d9     1%          1
b - Scorch                Fire           56%        2d7       1%          2
c - Flame Wave            Conj/Fire      26%        2d8       14%         4

Your spell library contained the following spells:

 Spells                   Type           Power      Damage    Failure   Level
 Sting                    Tmut/Pois      24%        1d4       10%         1
 Inner Flame              Hex/Fire       17%        N/A       10%         3
 Volatile Blastmotes      Fire/Tloc      34%        2d12      10%         3
 Poisonous Vapours        Pois/Air       12%        N/A       14%         2
 Olgreb's Toxic Radiance  Pois           6%         N/A       67%         4


Dungeon Overview and Level Annotations

Branches:
Dungeon (4/15)              Sewer (visited)
 Temple: D:4-7

Altars:

Annotations:
D:4 Duvessa


Message History

The flame wave engulfs Dowan!
Dowan is heavily wounded. (Press . to intensify the flame waves.)
You hear a shout!
The hound closely misses you. The adder bites you.
The iguana closely misses you. Dowan barely misses you.
A wave of flame ripples out!
The flame wave engulfs the adder.
The adder is almost dead.
The flame wave engulfs the hound!
You kill the hound!
The flame wave engulfs the iguana!
The iguana is almost dead.
The flame wave engulfs Dowan!
Dowan is almost dead.
The adder closely misses you. The iguana bites you!
Dowan casts a spell at Duvessa.
Duvessa seems to speed up.
Your Fire Magic skill increases to level 5!
A wave of flame ripples out!
The flame wave engulfs the adder!
You kill the adder!
The flame wave engulfs the iguana.
You kill the iguana!
The flame wave engulfs Dowan.
You kill Dowan!
Duvessa screams in rage.
Duvessa goes berserk!
The flame wave engulfs Duvessa!
Duvessa is lightly wounded.
The flame wave engulfs the sleepcap.
The sleepcap is moderately damaged.
You finish channelling waves of flame.
You hear a shout!
You hear a loud, deep croak! x2; You hear a shout! x2
Okay, then.
As you read the scroll of teleportation, it crumbles to dust.
You feel strangely unstable. Duvessa hits you with a +0 short sword!
Duvessa misses you. The sleepcap releases spores at you.
* * * LOW HITPOINT WARNING * * *
You are engulfed in a cloud of soporific spores!
You fall asleep.
Duvessa hits you with a +0 short sword!
You die...

##....## ...
##......###....
..........#...
.............
.........#
.......###.
#.........
#@.......
......ef).#.##.
............#
..........#..#
........... ##
#......#...#
##..... .#..
#..... .#..#


You could see Duvessa (berserk, fast) and a sleepcap.

Vanquished Creatures
  Sigmund (D:3)
  Pargi (Sewer)
  Dowan (D:4)
  A hound (D:4)
  An iguana (D:4)
  Robin (D:3)
  5 adders
  3 worms
  A dart slug (D:1)
  5 endoplasms
  3 giant cockroaches
  13 goblins
  4 hobgoblins
  5 jackals
  2 quokkas (D:3)
  6 ball pythons
  5 bats
  10 frilled lizards
  8 kobolds
  7 rats
83 creatures vanquished.

Vanquished Creatures (others)
  217 foxfires
217 creatures vanquished.

Grand Total: 300 creatures vanquished

Notes
Turn   | Place    | Note
-------+----------+-------------------------------------------
     0 | D:1      | Ijustatesigmund the Deep Elf Fire Elementalist began the
                  | quest for the Orb.
     0 | D:1      | Reached XP level 1. HP: 10/10 MP: 6/6
   263 | D:1      | Reached XP level 2. HP: 16/16 MP: 5/8
   266 | D:1      | Learned a level 2 spell: Scorch
   752 | D:1      | Reached XP level 3. HP: 20/20 MP: 7/10
   919 | D:1      | Reached skill level 1 in Fighting
  1933 | D:2      | Reached skill level 1 in Ranged Weapons
  1933 | D:2      | Reached XP level 4. HP: 25/25 MP: 7/11
  2086 | D:2      | Learned a level 4 spell: Flame Wave
  2172 | D:3      | Noticed Sigmund
  2185 | D:3      | Killed Sigmund
  2186 | D:3      | Reached XP level 5. HP: 22/29 MP: 7/14
  2341 | D:3      | Noticed Robin
  2356 | D:3      | Killed Robin
  2427 | D:3      | Reached XP level 6. HP: 34/34 MP: 12/15
  2454 | D:3      | Found a glowing drain.
  2458 | Sewer    | Entered a sewer
  2648 | Sewer    | Reached skill level 5 in Spellcasting
  2709 | Sewer    | Noticed Pargi
  2723 | Sewer    | Killed Pargi
  3305 | D:4      | Noticed Dowan
  3306 | D:4      | Noticed Duvessa
  3312 | D:4      | Reached skill level 5 in Fire Magic
  3312 | D:4      | Killed Dowan
  3314 | D:4      | Slain by Duvessa

Illustrated notes

Levels and vault maps discovered:
D:1:      psy_arrival_conway, layout_basic, minivault_4, minmay_small_reverse_x
D:2:      layout_loops_ring
D:3:      layout_basic, gup_sewer_entry_bowl, uniq_sigmund, uniq_robin
D:4:      layout_cave_pools, serial_shops, nicolae_take_the_stairs,
          chequers_serial_rivers_micro_a, hangedman_decor_growths,
          dreamdust_wishing_well, uniq_duvessa

Skill      XL: |  1  2  3  4  5  6 |
---------------+-------------------+-----
Fighting       | 1 |  1.6
Conjurations   | 2 3 |  3.9
Ranged Weapons | 1 2 3 |  3.3
Spellcasting   | 4 5 |  5.6
Fire Magic     | 4 5 |  5.1
Dodging        | |  2.4
Stealth        | |  2.4

Action                     |  1- 3 |  4- 6 || total
---------------------------+-------+-------++-------
  Melee: Whip              |       |     2 ||     2
   Fire: Sling             |       |     5 ||     5
   Cast: Foxfire           |    85 |    35 ||   120
         Scorch            |     9 |     8 ||    17
         Flame Wave        |       |     1 ||     1
    Use: Scroll            |       |     7 ||     7
 Armour: Robe              |     8 |    20 ||    28
  Dodge: Dodged            |    10 |    25 ||    35

Table legend: (Time is in decaauts)
 A = Elapsed time spent in this place.
 B = Non-inter-level travel time spent in this place.
 C = Inter-level travel time spent in this place.
 D = Time resting spent in this place.
 E = Time spent auto-exploring this place.
 F = Levels seen in this place.
 G = Mean time per level.
                   A        B        C        D        E       F      G
               +--------+--------+--------+--------+--------+-----+--------+
         Total |   3360 |   3299 |     61 |    281 |   2524 |   5 |  672.0 |
       Dungeon |   2919 |   2858 |     61 |     42 |   2386 |   4 |  729.8 |
         Sewer |    440 |    440 |      0 |    239 |    137 |   1 |  440.0 |
               +--------+--------+--------+--------+--------+-----+--------+

Top non-repeatable levels by time:
     D:2: 1076 daAuts
     D:1: 1027 daAuts
     D:3: 806 daAuts
   Sewer: 440 daAuts
     D:4: 8 daAuts
